 Dungeon Crawl Stone Soup version 0.18-a0-1554-g49b38aa (webtiles) character file.

169 Psiweapon the Chopper (level 5, 0/42 HPs)
             Began as a Hill Orc Gladiator on Mar 12, 2016.
             Was an Initiate of Makhleb.
             Succumbed to Sigmund's poison
             ... on level 4 of the Dungeon.
             The game lasted 00:10:03 (3089 turns).

Psiweapon the Chopper (Hill Orc Gladiator)          Turns: 3089, Time: 00:10:03

Health: 0/42       AC:  5    Str: 18    XL:     5   Next: 50%
Magic:  5/5        EV: 12    Int:  8    God:    Makhleb [......]
Gold:   171        SH:  0    Dex: 14    Spells: 0 memorised, 4 levels left

rFire  . . .     SeeInvis .     a - +0 war axe
rCold  . . .     Gourm    .     b - +0 leather armour
rNeg   . . .     Faith    .     (no shield)
rPois  .         Spirit   .     c - +0 helmet
rElec  .         Dismiss  .     (no cloak)
rCorr  .         Reflect  .     (no gloves)
SustAt .         Harm     .     n - +0 pair of boots
MR     .....                    (no amulet)
Stlth  +.........               (no ring)
                                (no ring)

@: lethally poisoned (0 -> -28), not resistant to hostile enchantments, very
unstealthy
A: agile 1, blurry vision 1, no device heal 1
a: Renounce Religion


You were on level 4 of the Dungeon.
You worshipped Makhleb.
Makhleb was noncommittal.
You were not hungry.

You visited 2 branches of the dungeon, and saw 6 of its levels.

You collected 171 gold pieces.

Inventory:

Hand Weapons
 a - a +0 war axe (weapon)
Missiles
 e - 109 stones (quivered)
Armour
 b - a +0 leather armour (worn)
 c - a +0 helmet (worn)
 n - a +0 pair of boots (worn)
 o - a +0 pair of boots
Scrolls
 i - 2 scrolls of fog {unknown}
 k - 2 scrolls of remove curse {unknown}
 l - 2 scrolls of magic mapping
 m - a scroll of random uselessness {unknown}
 q - a scroll of enchant weapon {unknown}
 r - a scroll of identify {unknown}
Potions
 h - a potion of curing {unknown}
 t - 2 potions of invisibility {unknown}
 u - a potion of berserk rage {unknown}
Comestibles
 f - 4 bread rations
 g - 5 meat rations
 j - a slice of pizza
 p - 2 chunks of flesh
 s - 4 fruits


   Skills:
 - Level 2.5 Fighting
 + Level 7.5 Axes
 - Level 1.8 Throwing
 - Level 2.7 Dodging


You had 4 spell levels left.
You didn't know any spells.

Dungeon Overview and Level Annotations

Branches:
Dungeon (5/15)             Temple (1/1) D:4

Altars:
Ashenzari
Dithmenos
Elyvilon
Fedhas
Gozag
Kikubaaqudgha
Makhleb
Nemelex Xobeh
Okawaru
Pakellas
Sif Muna
Trog
Vehumet
Yredelemnul
The Shining One

Annotations:
D:4 exclusion: downstairs, Sigmund
D:5 Menkaure


Innate Abilities, Weirdness & Mutations

You are agile. (Dex +2)
Scrolls take you a little longer to read.
Potions and wands are less effective at restoring your health.


Message History

Aim: Sigmund, wielding a scythe of venom and wearing a robe You throw a throwing net.
The throwing net closely misses Sigmund.
You feel sick. Sigmund closely misses you.
Throwing (i - inventory. (,) - cycle):
d - a throwing net (quivered)
Press: ? - help, Shift-Dir - straight line, f/p - Sigmund
Aim: Sigmund, wielding a scythe of venom and wearing a robe You throw a throwing net.
The throwing net closely misses Sigmund.
You feel sick.
You hit Sigmund.
Sigmund is lightly wounded.
* * * LOW HITPOINT WARNING * * *
You feel sick.
Sigmund hits you with a scythe of venom!
* * * LOW HITPOINT WARNING * * *
You are more poisoned.
You closely miss Sigmund.
Sigmund is lightly wounded.
You die...

**,,,,,,,,,,,,,,,,,,,*
,,,,,,,,,,,,,,,,,***,*
**,,,,,,,,,,,,,,,* *,*
,+,,,,,,,,,,,,>,,* *,*
**,,,,,,,,,**#+#** *,#
*********,* #.#*###.#
#.* #.#*...,*
#.#*#.##@#***
#..##..@.# *#.#.....#
#.......# ##......#
#......# #####.....#
#......##.#
#.###.....# * #.#
#...###


You could see Sigmund.

Vanquished Creatures
  An iguana (D:4)
  A worker ant (D:4)
  4 adders
  4 worms (D:2)
  2 dart slugs
  3 giant geckos
  8 orcs (D:3)
  6 bats
  4 giant cockroaches
  2 goblins
  5 hobgoblins
  3 jackals (D:3)
  7 kobolds
  2 quokkas
  A giant newt (D:2)
  4 rats
57 creatures vanquished.

Notes
Turn   | Place    | Note
--------------------------------------------------------------
     0 | D:1      | Psiweapon the Hill Orc Gladiator began the quest for the Orb.
     0 | D:1      | Reached XP level 1. HP: 18/18 MP: 1/1
     2 | D:1      | Noticed a spriggan
     2 | D:1      | Noticed a merfolk
     4 | D:1      | Noticed a dwarf
     4 | D:1      | Noticed a halfling
     6 | D:1      | Noticed a minotaur
     6 | D:1      | Noticed a tengu
     8 | D:1      | Noticed a troll
     8 | D:1      | Noticed an ogre
    10 | D:1      | Noticed an elf
    10 | D:1      | Noticed a centaur
    12 | D:1      | Noticed a ghoul
    14 | D:1      | Noticed a demonspawn
    14 | D:1      | Noticed a vine stalker
    16 | D:1      | Noticed a felid
    16 | D:1      | Noticed a gargoyle
    20 | D:1      | Noticed a draconian
    22 | D:1      | Noticed a human
    22 | D:1      | Noticed a vampire
    24 | D:1      | Noticed an octopode
    24 | D:1      | Noticed a naga
    28 | D:1      | Noticed a formicid
    28 | D:1      | Noticed a demigod
    61 | D:2      | Found a sparkling altar of Nemelex Xobeh.
    61 | D:2      | Found an iron altar of Okawaru.
   508 | D:1      | Reached XP level 2. HP: 25/25 MP: 2/2
   551 | D:2      | Found an oddly glowing altar of Pakellas.
   975 | D:3      | Reached XP level 3. HP: 30/30 MP: 3/3
   977 | D:3      | Reached skill level 5 in Axes
  1384 | D:3      | Reached XP level 4. HP: 25/37 MP: 4/4
  1504 | D:2      | Reached skill level 6 in Axes
  2200 | D:2      | Gained mutation: Scrolls take you a little longer to read. [potion of mutation]
  2200 | D:2      | Gained mutation: You are agile. (Dex +2) [potion of mutation]
  2200 | D:2      | Gained mutation: Potions and wands are less effective at restoring your health. [potion of mutation]
  2685 | D:3      | Reached XP level 5. HP: 39/42 MP: 5/5
  2715 | D:4      | Found a staircase to the Ecumenical Temple.
  2728 | Temple   | Entered the Ecumenical Temple
  2769 | Temple   | Became a worshipper of Makhleb the Destroyer
  2867 | D:4      | Reached skill level 7 in Axes
  2886 | D:5      | Entered Level 5 of the Dungeon
  2889 | D:5      | Noticed Menkaure
  3080 | D:4      | Noticed Sigmund
  3089 | D:4      | Succumbed to Sigmund's poison

Vault maps used:
D:1:      kb_arrival_jail
D:2:      nicolae_overflow_hidden_temple
D:4:      cheibriados_altar_1, temple_green, first_bread, uniq_sigmund
D:5:      gup_sewer_entry_bowl, uniq_blork_the_orc, uniq_eustachio,
          uniq_menkaure
Temple:   circular_temple_12

Skill      XL: |  1  2  3  4  5 |
---------------+----------------+-----
Axes           | 5 6 7 |  7.5
Fighting       | |  2.5
Throwing       | |  1.8
Dodging        | |  2.7

Action                   |  1- 3 |  4- 6 || total
-------------------------+-------+-------++-------
Melee: War axe           |    79 |   115 ||   194
Throw: Stone             |    11 |       ||    11
       Throwing net      |       |     3 ||     3
  Use: Potion            |       |     1 ||     1
       Scroll            |       |     1 ||     1
 Stab: Sleeping          |       |     1 ||     1
  Eat: Chunk             |     2 |     5 ||     7
